 Dungeon Crawl Stone Soup version 0.31-a0-702-gf82c85558f (webtiles) character file.

Game seed: 7826446134919628887

35 qw the Shooter (level 3, -4/22 HPs)
             Began as a Gargoyle Hunter on Sept 8, 2023.
             Killed from afar by Ijyb (7 damage)
             ... with a puff of flame
             ... on level 3 of the Dungeon.
             The game lasted 00:00:14 (546 turns).

qw the Shooter (Gargoyle Hunter)                     Turns: 546, Time: 00:00:15

Health: -4/22      AC:  6    Str: 14    XL:     3   Next: 35%
Magic:  3/3        EV: 11    Int:  9    God:
Gold:   38         SH:  0    Dex: 15    Spells: 2/2 levels left

rFire   . . .        Y - +0 shortbow
rCold   . . .        (shield currently unavailable)
rNeg    + . .        c - +0 leather armour
rPois   inf          (no helmet)
rElec   +            (no cloak)
rCorr   .            (no gloves)
SInv    .            (no boots)
Will    .....        (no amulet)
Stlth   ++           (no ring)
HPRegen 0.23/turn    (no ring)
MPRegen 0.08/turn

%: no passive effects
@: no status effects
A: sickness immunity, AC +3, negative energy resistance 1, electricity
resistance, torment resistance 1, petrification resistance
a: no special abilities


You were on level 3 of the Dungeon.
You visited 1 branch of the dungeon, and saw 3 of its levels.

You collected 63 gold pieces.
You spent 25 gold pieces at shops.


Innate Abilities, Weirdness & Mutations

You are immune to sickness and miasma.
Your stone body is resilient. (AC +3)
You are immune to poison.
You resist negative energy. (rN+)
You are resistant to electric shocks. (rElec)
You are resistant to unholy torment.
You are immune to petrification.


   Skills:
 + Level 2.4 Fighting
 - Level 5.0 Ranged Weapons
 - Level 1.5 Dodging
 - Level 1.1 Stealth


You had 2 spell levels left.
You didn't know any spells.
Your spell library was empty.

Inventory:

Hand Weapons
 Y - a +0 shortbow (weapon)
Armour
 b - a +0 ring mail
 c - a +0 leather armour (worn)
Potions
 a - a potion of curing {unknown}
 d - a potion of invisibility {unknown}

Dungeon Overview and Level Annotations

Branches:
Dungeon (2/15)

Altars:

Shops:
D:1 *

Annotations:
D:3 Ijyb


Message History

You shoot an arrow. The arrow barely misses the bat.
The bat completely misses you.
You shoot an arrow. The arrow hits the bat.
The bat is severely wounded.
The bat closely misses you.
You shoot an arrow.
The arrow hits the bat but does no damage.
The bat is severely wounded.
The bat completely misses you.
You shoot an arrow. The arrow hits the bat.
You kill the bat!
Found a stone staircase leading down.
Found a long sword.
You now have 38 gold pieces (gained 3).
Found a beast talisman.
Ijyb the Twisted Goblin comes into view.
She is wielding a +0 dagger and carrying a wand of flame.
Found an amethyst potion and a runed dagger.
You shoot an arrow. The arrow hits Ijyb!
Ijyb shouts!
Ijyb is moderately wounded.
You hear an angry hiss.
Ijyb screams, "It's all mine!"
Ijyb zaps a wand.
The puff of flame hits you!
You shoot an arrow. The arrow hits Ijyb but does no damage.
Ijyb is moderately wounded.
Ijyb zaps a wand.
The puff of flame hits you.
You shoot an arrow. The arrow barely misses Ijyb.
You start resting.
Ijyb is nearby!
You shoot an arrow. The arrow hits Ijyb.
Ijyb is heavily wounded.
Ijyb zaps a wand.
The puff of flame hits you!
You shoot an arrow. The arrow hits Ijyb.
Ijyb is severely wounded.
You shoot an arrow. The arrow closely misses Ijyb.
A ball python comes into view.
You shoot an arrow. The arrow closely misses Ijyb.
Ijyb screams, "Get away!"
Ijyb zaps a wand.
The puff of flame hits you!
You die...

$.. )# ... .. #)#
#. #.# #. #.#
##.###.##.## ###
....|.^#...#####.##
.....#..#........%#
#!>.@.#.#####.##
#.#.##.## #.# .g.
### #.####.# ...!.
#......# ...##..
######## .. #.. .
#.. #..


You could see Ijyb.

Vanquished Creatures
  An adder (D:2)
  A worm (D:2)
  3 ball pythons (D:1)
  A bat (D:3)
  3 endoplasms
  4 goblins
  A hobgoblin (D:2)
  4 jackals (D:1)
  2 rats
20 creatures vanquished.

Notes
Turn   | Place    | Note
-------+----------+-------------------------------------------
     0 | D:1      | qw the Gargoyle Hunter began the quest for the Orb.
     0 | D:1      | Reached XP level 1. HP: 12/12 MP: 1/1
     0 | D:1      | 0 ||| qw: Version: 0.3-a-76-g4403597
     0 | D:1      | 0 ||| qw: Game counter: 942
     0 | D:1      | 0 ||| qw: Melee chars always use a shield: true
     0 | D:1      | 0 ||| qw: God list: Okawaru
     0 | D:1      | 0 ||| qw: Allow faded altars: false
     0 | D:1      | 0 ||| qw: Do Orc after clearing Dungeon:15 true
     0 | D:1      | 0 ||| qw: Do second Lair branch before Depths: true
     0 | D:1      | 0 ||| qw: Lair rune preference: random
     0 | D:1      | 0 ||| qw: Goals: Normal
     0 | D:1      | 0 ||| PLANNING D:1-11
    68 | D:1      | Found Kinwul's Assorted Antiques.
    79 | D:1      | 79 ||| SHOPLISTING 2 amethyst potions (50 gold, have 28).
    79 | D:1      | 79 ||| BUYING ruby potion (25 gold).
    79 | D:1      | Bought a ruby potion for 25 gold pieces
    79 | D:1      | 79 ||| SHOPLISTING scroll labelled JIRHONTE EPHAU (28 gold,
                  | have 3).
   117 | D:1      | Reached XP level 2. HP: 14/17 MP: 2/2
   378 | D:1      | 378 ||| READING scroll labelled DUBUNU PUOW.
   388 | D:1      | 388 ||| DROPPING scroll of butterflies.
   465 | D:2      | Reached skill level 5 in Ranged Weapons
   465 | D:2      | Reached XP level 3. HP: 12/21 MP: 3/3
   517 | D:2      | You fall into a shaft and drop 1 floor!
   538 | D:3      | Noticed Ijyb
   543 | D:3      | HP: 2/22 [Ijyb/puff of flame (10)]
   546 | D:3      | Killed from afar by Ijyb

Levels and vault maps discovered:
D:1:      minmay_arrival_stone_box, layout_basic, serial_shops,
          nicolae_shop_competitors_out_of_business
D:2:      layout_loops_ring, basic_altar, minmay_misc_feat_square,
          minmay_misc_feat_nine_boxes, minmay_pentomino_q2,
          uniq_crazy_yiuf_cottage, uniq_natasha, uniq_robin
D:3:      minmay_thinvault, layout_loops_ring, serial_shops,
          nicolae_shop_window_shopping, shop,
          nicolae_shop_pleasant_corner_grove, nicolae_shop_hallway_stairs,
          uniq_ijyb, uniq_grinder, uniq_sigmund

Skill      XL: |  1  2 |
---------------+-------+-----
Ranged Weapons | 5 |  5.0
Fighting       | |  2.4
Dodging        | |  1.5
Stealth        | |  1.1

Action                     || total
---------------------------++-------
   Fire: Shortbow          ||    60
    Use: Scroll            ||     1
 Armour: Leather armour    ||    17
  Dodge: Dodged            ||    17

Table legend:
 A = Non-vault XP
 B = Vault XP
 C = Vault XP percentage of total XP
 D = Non-vault monster count
 E = Vault monster count
 F = Vault count percentage of total count
                 A         B        C        D         E       F
            +---------+---------+-------+---------+---------+-------
      Total |      49 |       2 |   3.9 |      19 |       1 |   5.0
            +---------+---------+-------+---------+---------+-------
        D:1 |      24 |       0 |   0.0 |      13 |       0 |   0.0
        D:2 |      23 |       2 |   8.0 |       5 |       1 |  16.7
        D:3 |       2 |       0 |   0.0 |       1 |       0 |   0.0
            +---------+---------+-------+---------+---------+-------
